 Dungeon Crawl Stone Soup version 0.30-a0-509-gd016549fea (webtiles) character file.

Game seed: 9116226751549087680

142155 Majang the Fencer (level 17, -1/106 HPs)
             Began as a Tengu Berserker on Dec 21, 2022.
             Was the Champion of Trog.
             Slain by a torpor snail (13 damage)
             ... on level 4 of the Spider Nest on Dec 22, 2022.
             The game lasted 02:30:50 (29628 turns).

Majang the Fencer (Tengu Berserker)                Turns: 29628, Time: 02:30:50

Health: -1/106     AC: 20    Str: 19    XL:     17   Next: 34%
Magic:  6/6        EV: 23    Int:  8    God:    Trog [******]
Gold:   1707       SH:  0    Dex: 20    Spells: 16/16 levels left

rFire   . . .      SeeInvis +    a - +9 triple sword (antimagic)
rCold   . . .      Faith    .    (shield currently unavailable)
rNeg    . . .      Spirit   .    q - +5 ring mail {rPois}
rPois   +          Reflect  .    L - +2 hat
rElec   .          Harm     .    B - +1 cloak {Stlth+}
rCorr   .          Rampage  .    S - +2 pair of gloves {Stlth+}
Will    +....                    (boots unavailable)
Stlth   +++.......               p - amulet of regeneration
HPRegen 1.17/turn                n - ring of see invisible
MPRegen 0.10/turn                r - +4 ring of slaying

@: flying quickly and evasively, slowed, very slow
A: beak, talons 3, nimble flight
a: Renounce Religion, Berserk, Trog's Hand, Brothers in Arms


You were on level 4 of the Spider Nest.
You worshipped Trog.
Trog was exalted by your worship.
You visited 4 branches of the dungeon, and saw 24 of its levels.
You also visited: Gauntlet and Ice Cave.

You collected 2661 gold pieces.
You spent 954 gold pieces at shops.

Inventory:

Hand Weapons
 a - a +9 antimagic triple sword (weapon)
 b - the +8 longbow of Ymijasi {drain, Will+ Str+3 Int-4}
   (You acquired it in a Gauntlet)

   A truly terrible weapon, it drains the life of any living foe it strikes.
   Str:       It affects your strength (+3).
   Int:       It affects your intelligence (-4).
   Will:      It increases your willpower.
 i - a +5 great sword
 A - the +6 triple sword "Togid" {vorpal, rCorr}
   (Trog gifted it to you on level 1 of the Lair of Beasts)

   It inflicts extra damage upon your enemies.
   rCorr:     It protects you from acid and corrosion.
 D - a +2 long sword of flaming
Armour
 q - a +5 ring mail of poison resistance (worn)
 B - a +1 cloak of stealth (worn)
 E - a +2 ring mail of fire resistance
 G - +1 shadow dragon scales
 L - a +2 hat (worn)
 S - a +2 pair of gloves of stealth (worn)
 T - the +3 ring mail of the Game of Life {rElec rC+ rCorr Str+6 Stlth-}
   (You bought it in a shop on level 1 of the Orcish Mines)

   Str:       It affects your strength (+6).
   rC:        It protects you from cold.
   rElec:     It insulates you from electricity.
   rCorr:     It protects you from acid and corrosion.
   Stlth:     It makes you less stealthy.
Jewellery
 n - a ring of see invisible (left hand)
 p - an amulet of regeneration (around neck)
 r - a +4 ring of slaying (right hand)
 s - a ring of protection from fire
 w - a ring of protection from cold
 z - a ring of resist corrosion
 F - the ring of No Interval {AC+4 Int+3}
   (You found it in a Gauntlet)

   [ring of protection]

   AC:        It affects your AC (+4).
   Int:       It affects your intelligence (+3).
 M - a +4 ring of evasion
Wands
 l - a wand of mindburst (4)
 u - a wand of quicksilver (6)
 v - a wand of charming (51)
 J - a wand of flame (34)
 P - a wand of iceblast (11)
Scrolls
 c - 3 scrolls of fear
 d - 3 scrolls of enchant armour
 e - 12 scrolls of teleportation
 f - 4 scrolls of poison
 o - 4 scrolls of blinking
 t - 2 scrolls of magic mapping
 K - a scroll of enchant weapon
 N - 4 scrolls of fog
 O - 4 scrolls of identify
Potions
 g - 2 potions of invisibility
 h - 14 potions of curing
 j - a potion of cancellation
 k - 9 potions of heal wounds
 m - 6 potions of mutation
 x - 3 potions of might
 y - 4 potions of lignification
 C - 3 potions of haste
Miscellaneous
 H - a box of beasts
 V - a lightning rod (4/4)


   Skills:
 + Level 12.0 Fighting
 * Level 17.9 Long Blades
 * Level 16.3 Ranged Weapons
 + Level 12.3 Armour
 + Level 12.3 Dodging
 + Level 11.0 Evocations


You had 16 spell levels left.
You didn't know any spells.
Your spell library was empty.

Dungeon Overview and Level Annotations

Branches:
Dungeon (13/15)            Temple (0/1) D:5            Lair (5/5) D:9
 Shoals (0/4) Lair:3       Spider (4/4) Lair:3        Slime (0/5) Lair:5
    Orc (2/2) D:11            Elf (0/3) Orc:2         IceCv (visited)
Gauntlet (visited)
 Vaults: D:13-14

Altars:
Cheibriados
Gozag
Hepliaklqana
Makhleb
Nemelex Xobeh
Okawaru
Ru
Trog
Wu Jian
Yredelemnul
Zin
Jiyva

Shops:
D:3 :   D:10 *   Orc:1 [   Orc:2 (:[*


Innate Abilities, Weirdness & Mutations

You have a beak for a mouth.
You have claws for feet.
Your magical nature lets you fly swiftly and evasively.


Message History

The moth of wrath looks even sicker.
The demonic crawler shrieks in warning!
You hear a hideous shriek!
You slice the demonic crawler!! You claw the demonic crawler.
The demonic crawler is almost dead.
The moth of wrath is engulfed in poison gas.
The moth of wrath looks as sick as possible!
The demonic crawler barely misses you.
The demonic crawler hits you but does no damage.
The demonic crawler misses you.
The torpor snail is engulfed in poison gas.
The torpor snail looks even sicker.
The meliai invokes the aid of its god against you.
Something smites you! The demonic crawler misses you. x3
You slice the demonic crawler!!
You kill the demonic crawler!
Trog accepts your kill.
You kill the moth of wrath!
Trog accepts your kill.
The meliai calls down the wrath of its god upon you.
Something smites you!
The torpor snail looks as sick as possible!
Unknown command.
You barely miss the torpor snail.
You claw the torpor snail, but do no damage.
You peck the torpor snail.
The torpor snail is heavily wounded.
The torpor snail bites you!
You hit the torpor snail.
The torpor snail is severely wounded.
The meliai mumbles some strange prayers to its god against you.
Something smites you! The torpor snail closely misses you.
You hit the torpor snail but do no damage.
You peck the torpor snail.
The torpor snail is severely wounded.
The meliai mumbles some strange prayers to its god against you.
Something smites you! The torpor snail bites you!!
* * * LOW HITPOINT WARNING * * *
The torpor snail bites you!
You die...

........#.#.#...## **,,^,~~,,,,,
#''''''##☼○°....# **^,,,,^,,,***
#[[[[[[#.°○.○..## *,^,~,,*****,,
########.§§○#.^# *,,,,***~^,,~~
^.......[°#○°§## *,,,,*,^,,,~~,
.....#..#§.°○☼.## *~,~,***,,,~~~
.......#.○.§§☼.§## ***,,,~,~~,,,,
...^#^.....#☼○§°☼## ****^,,,,~**
.........#...#§.@°# *****,,,,~,*
##.......○☼°§☼.#○w####.******~,,,
.#^..#...§.○.☼.○☼#○y...,*******~,
^.#.##...§#○#..#☼.°☼○..,,,,** ***
..##....#°°...°.§.^☼y#§.,,,,*** *
.......#.°.....○##°§○°☼.,,,,,,***
.#....#...^#○○)##*#.°○#.,,,,,,,*,
....^#...####.## *,○##,,,,,,,,,*
#......#..# ### **,,,,,,,,,,,,,


You could see a torpor snail (berserk, very poisoned) and 2 meliai.

Vanquished Creatures
  Arachne (Spider:2)
  Rupert (Lair:3)
  Gastronok (Lair:2)
  Kirke (Spider:2)
  Donald (Spider:3)
  Agnes (Spider:3)
  2 emperor scorpions
  2 ghost moths
  A reaper (IceCv)
  A broodmother (Lair:3)
  A minotaur (Gauntlet)
  2 spark wasps
  Josephine (Lair:4)
  An entropy weaver (Spider:1)
  3 hydras
  A jorogumo (Spider:2)
  A centaur warrior (D:13)
  6 radroaches
  6 two-headed ogres
  2 boulder beetles
  4 death yaks (Lair:5)
  A tengu warrior (D:8)
  2 catoblepae
  A deep troll shaman (Lair:5)
  A death scarab (Spider:2)
  8 orc high priests (Orc:2)
  Sonja (Lair:2)
  Nergalle (Lair:1)
  3 sun moths
  6 pharaoh ants
  Lodul (D:12)
  5 steelbarb worms
  8 orb spiders
  14 wolf spiders
  An orc knight (Orc:2)
  4 deep elf zephyrmancers
  5 moths of wrath
  4 deep elf pyromancers
  6 orc sorcerers
  A manticore (D:12)
  An ugly thing (D:12)
  18 elephants
  2 ice statues (IceCv)
  2 black mambas
  Joseph (D:8)
  A gargoyle (D:10)
  3 torpor snails
  16 cane toads
  4 rime drakes
  Maggie (D:9)
  13 komodo dragons
  8 demonic crawlers
  4 unseen horror zombies (D:9)
  7 ice devils
  4 trolls
  7 meliai
  3 polar bears
  24 tarantellas
  Prince Ribbit (D:6)
  A raiju (Gauntlet)
  A hornet (D:8)
  4 dream sheep (Lair:5)
  11 blink frogs
  4 slime creatures
  14 flying skulls (Gauntlet)
  26 jumping spiders
  22 culicivoras
  48 yaks
  4 dire elephant simulacra (IceCv)
  A shadow (D:10)
  3 wraiths (Lair:4)
  2 wyverns
  Grum (Lair:1)
  2 hogs (Spider:2)
  2 steam dragons
  60 redbacks
  3 basilisks
  Menkaure (D:4)
  3 vampire mosquitoes (D:11)
  3 wargs
  4 harpy simulacra (IceCv)
  Edmund (D:6)
  An acid dragon (D:8)
  2 hydra simulacra (IceCv)
  Duvessa (D:7)
  13 water moccasins
  30 orc warriors
  9 black bears
  4 sky beasts
  8 wolves
  16 ogres
  8 centaurs
  5 kobold brigands
  A phantom (D:7)
  2 gnoll sergeants (D:8)
  A scorpion (Lair:2)
  16 bullfrogs
  4 necrophages
  A two-headed ogre simulacrum (IceCv)
  Dowan (D:7)
  19 wights
  10 killer bees
  3 electric eels
  4 howler monkeys
  A centaur zombie (D:9)
  16 orc priests
  A gnoll bouda (D:6)
  8 hounds
  A jelly (D:8)
  19 orc wizards
  Ijyb (D:3)
  Terence (D:3)
  4 hell rats (Lair:2)
  5 iguanas
  A spriggan simulacrum (IceCv)
  A killer bee zombie (D:9)
  A polar bear simulacrum (IceCv)
  4 howler monkey zombies (D:9)
  Robin (D:2)
  13 gnolls
  10 adders
  9 white imps
  2 worms
  2 dart slugs
  93 orcs
  3 ball pythons
  6 endoplasms
  3 giant cockroaches
  15 goblins
  10 hobgoblins
  A jackal (D:4)
  5 quokkas
  11 bats
  5 frilled lizards
  19 kobolds
  9 rats
  A bush (D:5)
895 creatures vanquished.

Vanquished Creatures (collateral kills)
  An emperor scorpion (Spider:1)
  A wolf spider (Spider:2)
  A demonic crawler (Spider:2)
  A tarantella (Spider:2)
  A jumping spider (Spider:2)
  A culicivora (Spider:2)
6 creatures vanquished.

Vanquished Creatures (others)
  A human (Spider:2)
  An orc (D:7)
  22 demonic plants (Gauntlet)
  17 fungi
  31 plants
72 creatures vanquished.

Grand Total: 973 creatures vanquished

Notes
Turn   | Place    | Note
-------+----------+-------------------------------------------
     0 | D:1      | Majang the Tengu Berserker began the quest for the Orb.
     0 | D:1      | Reached XP level 1. HP: 14/14 MP: 2/2
   354 | D:1      | Reached XP level 2. HP: 19/19 MP: 3/3
   655 | D:1      | Reached skill level 4 in Long Blades
   946 | D:2      | Reached XP level 3. HP: 23/23 MP: 4/4
  1310 | D:2      | Reached XP level 4. HP: 28/28 MP: 5/5
  1331 | D:2      | Reached ** piety under Trog
  1422 | D:3      | Found Ipamp's Book Emporium.
  1429 | D:3      | Noticed Ijyb
  1452 | D:3      | Killed Ijyb
  1453 | D:3      | Reached skill level 5 in Long Blades
  1495 | D:3      | Noticed Robin
  1608 | D:2      | Killed Robin
  1619 | D:3      | Gained mutation: Your magical nature lets you fly swiftly
                  | and evasively. [Tengu growth]
  1619 | D:3      | Reached XP level 5. HP: 33/33 MP: 6/6
  1806 | D:3      | Noticed Terence
  1814 | D:3      | Killed Terence
  2206 | D:3      | Found a hazy altar of Hepliaklqana.
  2561 | D:4      | Reached XP level 6. HP: 36/38 MP: 7/7
  2618 | D:4      | Reached skill level 6 in Long Blades
  2639 | D:4      | Reached skill level 1 in Evocations
  2993 | D:4      | an ogre changed into a water moccasin
  2993 | D:4      | Noticed a water moccasin
  2996 | D:4      | Killed a water moccasin
  2997 | D:4      | Reached XP level 7. HP: 44/44 MP: 8/8
  3117 | D:4      | Found an iron altar of Okawaru.
  3378 | D:4      | Noticed Menkaure
  3396 | D:4      | Killed Menkaure
  3550 | D:4      | Reached skill level 7 in Long Blades
  3691 | D:5      | Entered Level 5 of the Dungeon
  3699 | D:5      | Reached skill level 5 in Fighting
  3702 | D:5      | Reached *** piety under Trog
  3778 | D:5      | Reached XP level 8. HP: 39/49 MP: 9/9
  4084 | D:5      | Found a staircase to the Ecumenical Temple.
  4152 | D:5      | Reached skill level 1 in Ranged Weapons
  4173 | D:5      | Reached skill level 8 in Long Blades
  5055 | D:6      | Reached XP level 9. HP: 50/55 MP: 10/10
  5187 | D:6      | Found a sparkling altar of Nemelex Xobeh.
  5319 | D:6      | Noticed Edmund
  5341 | D:6      | Killed Edmund
  5342 | D:6      | Reached skill level 5 in Dodging
  5411 | D:6      | Noticed Prince Ribbit
  5425 | D:6      | Killed Prince Ribbit
  5426 | D:6      | Reached skill level 5 in Armour
  5728 | D:7      | Reached skill level 9 in Long Blades
  5812 | D:7      | Noticed Duvessa
  5822 | D:7      | Noticed Dowan
  5988 | D:7      | Killed Duvessa
  6140 | D:7      | Killed Dowan
  6156 | D:7      | Reached **** piety under Trog
  6289 | D:7      | Reached skill level 5 in Ranged Weapons
  6595 | D:7      | Reached XP level 10. HP: 57/61 MP: 11/11
  6714 | D:7      | Found a glowing silver altar of Zin.
  6930 | D:8      | Noticed Joseph
  6990 | D:8      | Found a bloodstained altar of Trog.
  7211 | D:8      | Killed Joseph
  7422 | D:8      | Found an opulent altar of Gozag.
  7467 | D:8      | Found a burning altar of Makhleb.
  7528 | D:8      | Reached skill level 10 in Long Blades
  7751 | D:8      | Reached skill level 5 in Evocations
  7887 | D:8      | Reached ***** piety under Trog
  7990 | D:8      | Found a sacrificial altar of Ru.
  8048 | D:8      | Noticed a tengu warrior
  8089 | D:8      | Killed a tengu warrior
  8367 | D:8      | Reached XP level 11. HP: 51/67 MP: 12/12
  8821 | D:9      | Reached skill level 11 in Long Blades
  8998 | D:9      | Found a snail-covered altar of Cheibriados.
  9033 | D:9      | Noticed Maggie
  9044 | D:9      | Killed Maggie
  9284 | D:9      | Found a staircase to the Lair.
  9509 | D:9      | Found an ornate altar of the Wu Jian Council.
  9600 | D:9      | Found a basalt altar of Yredelemnul.
  9850 | Lair:1   | Entered Level 1 of the Lair of Beasts
  9917 | Lair:1   | Identified the +6 triple sword "Togid" {vorpal, rCorr}
                  | (Trog gifted it to you on level 1 of the Lair of Beasts)
  9917 | Lair:1   | Received a gift from Trog
  9987 | Lair:1   | Noticed Nergalle
  9994 | Lair:1   | Noticed a spectral orc warlord
  9997 | Lair:1   | Killed Nergalle
  9998 | Lair:1   | Reached XP level 12. HP: 41/73 MP: 13/13
 10146 | Lair:1   | Reached skill level 12 in Long Blades
 10163 | Lair:1   | Found a frozen archway.
 10180 | IceCv    | Entered an ice cave
 11422 | IceCv    | Noticed a reaper
 11428 | IceCv    | Killed a reaper
 11429 | IceCv    | Reached skill level 10 in Ranged Weapons
 11710 | Lair:1   | Noticed Grum
 11725 | Lair:1   | Killed Grum
 12576 | Lair:2   | Noticed Sonja
 12581 | Lair:2   | Noticed Gastronok
 12587 | Lair:1   | Reached skill level 13 in Long Blades
 12690 | Lair:2   | Found a gate leading to a gauntlet.
 12706 | Gauntlet | Entered a Gauntlet
 12706 | Gauntlet | Found a transporter.
 12707 | Gauntlet | Identified a scroll of acquirement
 12707 | Gauntlet | Acquired the +8 longbow of Ymijasi {drain, Will+ Str+3
                  | Int-4}
 12718 | Gauntlet | Found a transporter.
 12720 | Gauntlet | Found a transporter.
 12722 | Gauntlet | Found a transporter.
 12725 | Gauntlet | Noticed a quicksilver ooze
 12737 | Gauntlet | Found a transporter.
 12752 | Gauntlet | Found a transporter.
 12760 | Gauntlet | Found a transporter.
 12778 | Gauntlet | Found a transporter.
 12795 | Gauntlet | Found a transporter.
 12826 | Gauntlet | Found a transporter.
 12856 | Gauntlet | Found a transporter.
 12861 | Gauntlet | Found a transporter.
 12886 | Gauntlet | Found a transporter.
 12891 | Gauntlet | Found a transporter.
 12893 | Gauntlet | Found a transporter.
 12895 | Gauntlet | Found a large runed translucent door.
 12895 | Gauntlet | Found a large runed translucent door.
 12896 | Gauntlet | Found a large runed translucent door.
 12896 | Gauntlet | Found a large runed translucent door.
 12916 | Gauntlet | Found a transporter.
 12921 | Gauntlet | Found a transporter.
 12970 | Gauntlet | Found a transporter.
 12972 | Gauntlet | Found a runed translucent gate.
 12972 | Gauntlet | Found a runed translucent gate.
 12972 | Gauntlet | Found a runed translucent gate.
 12977 | Gauntlet | Found a large runed translucent door.
 12977 | Gauntlet | Found a large runed translucent door.
 12978 | Gauntlet | Found a large runed translucent door.
 12978 | Gauntlet | Found a large runed translucent door.
 12979 | Gauntlet | Found a large runed translucent door.
 12979 | Gauntlet | Found a large runed translucent door.
 12982 | Gauntlet | Found a large runed translucent door.
 12982 | Gauntlet | Found a large runed translucent door.
 12982 | Gauntlet | Found a runed translucent door.
 12982 | Gauntlet | Found a runed translucent door.
 12983 | Gauntlet | Found a large runed translucent door.
 12984 | Gauntlet | Found a large runed translucent door.
 13015 | Gauntlet | Found a large runed translucent door.
 13126 | Gauntlet | Reached XP level 13. HP: 73/79 MP: 14/14
 13475 | Gauntlet | Identified the ring of No Interval {AC+4 Int+3}
 13500 | Gauntlet | Noticed a minotaur
 13513 | Gauntlet | Killed a minotaur
 13756 | Lair:2   | Killed Gastronok
 14162 | Lair:2   | Killed Sonja
 14621 | Lair:3   | Found a hole to the Spider Nest.
 14728 | Lair:3   | Found a staircase to the Shoals.
 14874 | Lair:3   | Noticed Rupert
 14881 | Lair:3   | Killed Rupert
 14883 | Lair:3   | Reached skill level 14 in Long Blades
 15544 | Lair:4   | Identified the +5 morningstar of Kufuis {vorpal, Int+4
                  | Dex+6}
 15580 | Lair:4   | Reached XP level 14. HP: 83/86 MP: 15/15
 15581 | Lair:4   | Noticed Josephine
 15587 | Lair:4   | Killed Josephine
 15734 | Lair:4   | Reached ****** piety under Trog
 15741 | Lair:4   | Identified the +8 lajatang of Dinwaus {vorpal, Dex+5 SInv}
                  | (Trog gifted it to you on level 4 of the Lair of Beasts)
 15741 | Lair:4   | Received a gift from Trog
 16714 | Lair:5   | Entered Level 5 of the Lair of Beasts
 17227 | Lair:5   | Found a viscous altar of Jiyva.
 17228 | Lair:5   | Found a staircase to the Slime Pits.
 17266 | Lair:4   | Reached skill level 10 in Armour
 17266 | Lair:4   | Reached skill level 10 in Dodging
 17301 | Lair:4   | Identified the +5 dagger "Toyri" {vamp, rF- Int+4 Dex+3}
 17771 | Lair:5   | HP: 3/87 [catoblepas/blast of calcifying dust (4)]
 17774 | Lair:5   | Reached skill level 10 in Fighting
 18050 | Lair:5   | Reached skill level 15 in Long Blades
 18416 | D:10     | Entered Level 10 of the Dungeon
 18630 | D:10     | Identified the +0 ring mail of Zepal {Fly Dex+3}
 18708 | D:10     | Found Beriwk's General Store.
 18716 | D:10     | Bought a scroll of teleportation for 48 gold pieces
 18716 | D:10     | Bought a potion of invisibility for 128 gold pieces
 18716 | D:10     | Bought a potion of heal wounds for 80 gold pieces
 18716 | D:10     | Bought a potion of curing for 48 gold pieces
 18742 | D:10     | Identified the +8 whip "Nidat" {spect, *Rage rN++ Str+4
                  | Int+3}
 19511 | D:11     | Received a gift from Trog
 20326 | D:11     | Found a staircase to the Orcish Mines.
 20327 | D:11     | You are sucked into a shaft and drop 2 floors!
 20360 | D:13     | Reached XP level 15. HP: 92/92 MP: 16/16
 20930 | Orc:1    | Entered Level 1 of the Orcish Mines
 21549 | Orc:2    | Entered Level 2 of the Orcish Mines
 21812 | Orc:2    | Found Eresch's General Store.
 21827 | Orc:2    | Bought a potion of heal wounds for 70 gold pieces
 21827 | Orc:2    | Bought a +2 pair of gloves of stealth for 301 gold pieces
 21931 | Orc:2    | Received a gift from Trog
 22558 | Orc:1    | Found Qiutzah's Antique Armour Shop.
 22574 | Orc:1    | Bought an agate-encrusted ring mail for 279 gold pieces
 22574 | Orc:1    | Identified the +3 ring mail of the Game of Life {rElec rC+
                  | rCorr Str+6 Stlth-} (You bought it in a shop on level 1 of
                  | the Orcish Mines)
 22813 | Orc:2    | Found Tytsi's Antique Armour Boutique.
 22856 | Orc:2    | Reached skill level 16 in Long Blades
 22870 | Orc:2    | Found Eniatamm's Antique Weapon Boutique.
 23244 | Orc:2    | Found a staircase to the Elven Halls.
 23503 | Orc:2    | Found Sasiph Atae's Book Shop.
 23661 | D:12     | Noticed Lodul
 23691 | D:12     | Killed Lodul
 24257 | Spider:1 | Entered Level 1 of the Spider Nest
 24486 | Lair:3   | Received a gift from Trog
 24608 | Spider:1 | Noticed an emperor scorpion
 24630 | Spider:1 | Killed an emperor scorpion
 25044 | Spider:1 | Reached skill level 10 in Evocations
 25058 | Spider:1 | Reached XP level 16. HP: 100/100 MP: 5/17
 25643 | Spider:1 | Reached skill level 15 in Ranged Weapons
 26630 | Spider:2 | Reached skill level 17 in Long Blades
 26788 | Spider:2 | Noticed Arachne
 26792 | Spider:2 | Noticed Kirke
 27033 | Spider:2 | Killed Kirke
 27033 | Spider:2 | Received a gift from Trog
 27136 | Spider:2 | Killed Arachne
 27582 | Spider:3 | Noticed Agnes
 27591 | Spider:3 | Killed Agnes
 28187 | Spider:3 | Reached XP level 17. HP: 104/105 MP: 6/18
 28197 | Spider:3 | Received a gift from Trog
 28445 | Spider:3 | Noticed Donald
 28617 | Spider:3 | Killed Donald
 28990 | Spider:3 | Upgraded the game from 0.30-a0-476-g330ca2eb8e to
                  | 0.30-a0-509-gd016549fea
 29010 | Spider:4 | Entered Level 4 of the Spider Nest
 29580 | Spider:4 | Identified the +0 robe of Classification {-Cast rPois rN+
                  | Dex+4}
 29628 | Spider:4 | Slain by a torpor snail

Illustrated notes

Levels and vault maps discovered:
D:1:      matt_arrival_spirals, layout_loops_corners, minmay_3d_cube
D:2:      layout_basic
D:3:      layout_loops_ring, mainiacjoe_overflow_alcove_1, serial_shops,
          shop_statue, st_stairs_11, uniq_terence, uniq_ijyb, uniq_robin
D:4:      layout_loops_ring, marbit_many_paths, kennysheep_pointless_box,
          minmay_puff, uniq_menkaure
D:5:      layout_basic, temple_pool_b, lexackson_kobold_supper
D:6:      layout_basic, nemelex_diamond_rough_becter, dk_vineyard_1,
          minivault_27, uniq_edmund, uniq_prince_ribbit1
D:7:      layout_cave_pools, mainiacjoe_overflow_alcove_4,
          kennysheep_nondescript, uniq_duvessa
D:8:      minmay_chambers_of_sevens, layout_basic,
          mainiacjoe_overflow_six_doors_small, nicolae_gozag_seed_capital,
          nicolae_ru_path_of_blood, lemuel_doored_altar, special_room
          [special_room_orc], uniq_joseph
D:9:      layout_irregular_city, mainiacjoe_overflow_24_doors,
          nicolae_yredelemnul_corpse_copse, nzn_wu_jian_council_hall,
          dpeg_oklobed_lair, uniq_maggie
D:10:     layout_loops_ring, serial_shops,
          nicolae_shop_temple_entry_statues_fountains, minmay_misc_feat_square
D:11:     layout_basic, david_orc_5
D:12:     layout_rooms, uniq_lodul
D:13:     layout_irregular_city, lightli_vaults_fourway_checkpoint
Lair:1:   layout_chaotic_city, portal_ice_cave_entry_pillars_1,
          beast_lair_carwin_2, serial_bayou_shore_b, uniq_nergalle, uniq_grum
Lair:2:   layout_cave_pods, gauntlet_entry_generic, grunt_megastairs_3,
          lemuel_fruit_fields, uniq_gastronok, uniq_sonja
Lair:3:   layout_cave_shapes, shoals_dummy_entry, spider_nest_entry_web_field,
          serial_bayou, serial_bayou_crossing, serial_bayou_pond_a,
          serial_bayou_pond_d, serial_bayou_shore_b, beast_lair_carwin_3,
          lemuel_fruit_tree, grunt_megastairs_4, infiniplex_staircase_pool_2,
          uniq_rupert
Lair:4:   layout_cave_pods, kennysheep_catoblepas_arena, uniq_josephine
Lair:5:   grunt_lair_end_beastmaster, layout_long_grid, slime_entry_1,
          chequers_serial_rivers_small_3, chequers_serial_rivers_micro_b,
          lemuel_fruit_fields, serial_bayou_shore_b
Spider:1: layout_cave_pods
Spider:2: layout_spider_delve, uniq_arachne, uniq_kirke
Spider:3: layout_spider_delve, nicolae_spider_spiderdrome, uniq_donald,
          uniq_agnes
Spider:4: grunt_spider_rune_circles, hellmonk_motheaten_closet
Orc:1:    layout_caves, serial_shops, shop, elves_outpost_lemuel
Orc:2:    grunt_orc_gardens, layout_caves, grunt_orc_garden, grunt_orc_garden,
          grunt_orc_garden, grunt_orc_garden, minmay_orc_temple_a

Skill      XL: |  1  2  3  4  5  6  7  8  9 10 11 12 13 14 15 16 17 |
---------------+----------------------------------------------------+-----
Long Blades    | 4 5 6 7 8 9 10 11 13 14 15 16 17 | 17.9
Fighting       | 4 5 6 7 8 9 10 11 12 | 12.0
Evocations     | 1 2 3 4 5 6 7 8 9 10 11 | 11.0
Armour         | 3 4 5 6 7 8 9 10 11 12 | 12.3
Dodging        | 3 4 5 6 7 8 9 10 11 12 | 12.3
Ranged Weapons | 2 5 7 9 10 12 13 14 15 16 | 16.3

Action                   |  1- 3 |  4- 6 |  7- 9 | 10-12 | 13-15 | 16-18 || total
-------------------------+-------+-------+-------+-------+-------+-------++-------
Melee: Falchion          |    68 |   159 |   130 |       |       |       ||   357
       Kick              |    12 |    30 |   113 |   136 |   183 |   114 ||   588
       Peck              |     3 |    20 |    53 |    76 |   117 |    72 ||   341
       Punch             |     1 |       |     2 |     2 |     1 |       ||     6
       Long sword        |       |       |   177 |   254 |     7 |       ||   438
       Triple sword      |       |       |       |   130 |   501 |   338 ||   969
 Fire: Shortbow          |       |       |   119 |     8 |       |       ||   127
       Sling             |       |       |       |   201 |       |       ||   201
       Longbow           |       |       |       |       |   458 |   279 ||   737
Invok: Berserk           |       |     3 |     7 |    10 |     7 |     2 ||    29
       Brothers in Arms  |       |       |       |       |     1 |     1 ||     2
Evoke: Wand              |       |     2 |       |       |    11 |     3 ||    16
  Use: Scroll            |       |       |    20 |    11 |     8 |     4 ||    43
       Potion            |       |       |       |     1 |     4 |     3 ||     8
 Stab: Sleeping          |     3 |       |       |     1 |       |       ||     4
       Distracted        |       |       |       |     1 |     1 |       ||     2
       Invisible         |       |       |       |       |     3 |       ||     3
Armor: Animal skin       |    13 |     1 |       |       |       |       ||    14
       Ring mail         |       |    58 |   102 |   108 |   224 |   207 ||   699
       Skin              |       |    10 |       |       |       |       ||    10
Dodge: Dodged            |    44 |   120 |   243 |   294 |   709 |   548 ||  1958

Table legend: (Time is in decaauts)
 A = Elapsed time spent in this place.
 B = Non-inter-level travel time spent in this place.
 C = Inter-level travel time spent in this place.
 D = Time resting spent in this place.
 E = Time spent auto-exploring this place.
 F = Levels seen in this place.
 G = Mean time per level.
                   A        B        C        D        E       F      G
               +--------+--------+--------+--------+--------+-----+--------+
         Total |  28410 |  26070 |   2340 |   8445 |   8014 |  26 | 1092.7 |
       Dungeon |  12762 |  12069 |    693 |   3044 |   5644 |  13 |  981.7 |
          Lair |   6180 |   4898 |   1282 |   1260 |   1126 |   5 | 1236.0 |
   Spider Nest |   4795 |   4499 |    296 |   1840 |    637 |   4 | 1198.8 |
  Orcish Mines |   2314 |   2246 |     68 |    919 |    605 |   2 | 1157.0 |
      Ice Cave |   1451 |   1451 |      0 |    932 |      0 |   1 | 1451.0 |
      Gauntlet |    907 |    907 |      0 |    448 |      0 |   1 |  907.0 |
               +--------+--------+--------+--------+--------+-----+--------+

Top non-repeatable levels by time:
Spider:1: 1857 daAuts
    D:11: 1714 daAuts
     D:8: 1655 daAuts
   Orc:2: 1577 daAuts
   IceCv: 1451 daAuts
  Lair:5: 1449 daAuts
  Lair:3: 1385 daAuts
  Lair:1: 1315 daAuts
Spider:3: 1225 daAuts
     D:9: 1223 daAuts
     D:5: 1213 daAuts
Spider:2: 1183 daAuts
  Lair:4: 1158 daAuts
     D:4: 1071 daAuts
     D:6: 1047 daAuts
